 Dungeon Crawl Stone Soup version 0.31-a0-479-g91c9547826 (console) character file.

Game seed: 4614981419512668981

10721 Lexodia the Slicer (level 11, 0/48 HPs)
             Began as a Tengu Hedge Wizard on Aug 7, 2023.
             Was an Elder of Dithmenos.
             Succumbed to a cane toad's poison
             ... on level 1 of the Lair of Beasts.
             The game lasted 00:44:38 (12588 turns).

Lexodia the Slicer (Tengu Hedge Wizard)            Turns: 12588, Time: 00:44:39

Health: 0/48       AC:  7    Str: 10    XL:     11   Next: 66%
Magic:  5/19       EV: 18    Int: 17    God:    Dithmenos [****..]
Gold:   184        SH: 10    Dex: 14    Spells: 3/20 levels left

rFire   . . .        a - +2 dagger (elec)
rCold   + . .        w - +0 buckler
rNeg    . . .        T - +2 leather armour {rC+}
rPois   .            S - +0 hat
rElec   .            y - scarf {shadows}
rCorr   .            B - +1 pair of gloves
SInv    .            (boots unavailable)
Will    .....        O - amulet of reflection
Stlth   ++++         o - +5 ring of evasion
HPRegen 0.28/turn    (no ring)
MPRegen 0.16/turn

%: reflection
@: lethally poisoned (0 -> -24), flying quickly and evasively, wreathed by
umbra, quick
A: beak, talons 3, nimble flight, dopey 1, frail 1
a: Renounce Religion, Shadow Step


You were on level 1 of the Lair of Beasts.
You worshipped Dithmenos.
Dithmenos was greatly pleased with you.
You visited 3 branches of the dungeon, and saw 13 of its levels.

You collected 574 gold pieces.
You spent 390 gold pieces at shops.

Inventory:

Hand Weapons
 a - a +2 dagger of electrocution (weapon)
 D - a +3 rapier of draining
 G - a +5 great sword of protection
Missiles
 j - 2 throwing nets
Armour
 c - a +0 hat
 w - a +0 buckler (worn)
 y - a scarf of shadows (worn)
 B - a +1 pair of gloves (worn)
 L - a +2 robe of cold resistance
 S - a +0 hat (worn)
 T - a +2 leather armour of cold resistance (worn)
Magical Staves
 M - a staff of conjuration
Jewellery
 o - a +5 ring of evasion (left hand)
 O - an amulet of reflection (around neck)
Wands
 g - a wand of flame (5)
 i - a wand of charming (7)
 x - a wand of digging (6)
 K - a wand of polymorph (11)
 N - a wand of acid (6)
 P - a wand of roots (14)
Scrolls
 f - 2 scrolls of butterflies
 h - 2 scrolls of fog {unknown}
 l - a scroll of fear {unknown}
 m - 7 scrolls of teleportation
 p - 6 scrolls of vulnerability
 s - 2 scrolls of brand weapon
 t - 2 scrolls of poison {unknown}
 u - 2 scrolls of revelation {unknown}
 v - 4 scrolls of enchant armour {unknown}
 A - a scroll of noise {unknown}
 C - a scroll of torment {unknown}
 E - a scroll of amnesia {unknown}
 I - 2 scrolls of enchant weapon {unknown}
Potions
 b - a potion of berserk rage
 d - a potion of magic
 e - 3 potions of mutation
 k - a potion of haste {unknown}
 n - 8 potions of curing
 q - a potion of might
 r - 2 potions of lignification
 z - 2 potions of enlightenment
 F - 2 potions of cancellation
 H - a potion of degeneration {unknown}
 J - 2 potions of heal wounds
 Q - a potion of resistance {unknown}
 R - a potion of ambrosia
 U - a potion of brilliance {unknown}


   Skills:
 - Level 10.0 Short Blades
 - Level 2.1 Dodging
 + Level 6.5 Stealth
 - Level 4.0 Shields
 + Level 5.0 Spellcasting
 * Level 9.1 Conjurations
 + Level 9.0 Summonings
 - Level 0.7 Translocations
 * Level 6.1 Fire Magic
 - Level 7.0 Air Magic
 - Level 3.0 Poison Magic


You had 3 spell levels left.
You knew the following spells:

 Your Spells              Type           Power      Damage    Failure   Level
a - Magic Dart            Conj           100%       1d8       1%          1
b - Call Imp              Summ           70%        N/A       1%          2
c - Mephitic Cloud        Conj/Pois/Air  25%        N/A       6%          3
d - Call Canine Familiar  Summ           35%        N/A       1%          3
e - Summon Lightning Spi  Summ/Air       31%        N/A       10%         4
f - Sticky Flame          Conj/Fire      30%        2d5       12%         4

Your spell library contained the following spells:

 Spells                   Type           Power      Damage    Failure   Level
 Cigotuvi's Dreadful Rot  Necr/Pois/Air  30%        N/A       11%         2
 Stone Arrow              Conj/Erth      38%        3d9       12%         3
 Ignite Poison            Fire/Tmut/Pois 14%        N/A       24%         3
 Sandblast                Erth           8%         2d5       26%         1
 Slow                     Hex            16%        N/A       26%         1
 Blink                    Tloc           12%        N/A       30%         2
 Passwall                 Tmut/Erth      3%         N/A       38%         2
 Sublimation of Blood     Necr           4%         N/A       38%         2
 Wereblood                Tmut           4%         N/A       38%         2
 Portal Projectile        Hex/Tloc       10%        N/A       56%         3
 Animate Armour           Summ/Erth      38%        N/A       38%         4
 Leda's Liquefaction      Hex/Erth       2%         N/A       95%         4
 Summon Hydra             Summ           17%        N/A       99%         7
 Lee's Rapid Deconstruct  Erth           2%         3d4*      100%        5
 Ignition                 Fire           12%        3d6       100%        8
 Lehudib's Crystal Spear  Conj/Erth      9%         10d4      100%        8


Dungeon Overview and Level Annotations

Branches:
Dungeon (11/15)            Temple (1/1) D:5            Lair (1/5) D:9
    Orc (0/2) D:9

Altars:
Ashenzari
Cheibriados
Dithmenos
Elyvilon
Fedhas
Gozag
Hepliaklqana
Kikubaaqudgha
Makhleb
Nemelex Xobeh
Okawaru
Qazlal
Ru
Sif Muna
Trog
Uskayaw
Vehumet
Wu Jian
Xom
Yredelemnul
Zin
The Shining One

Shops:
D:5 =(=

Annotations:
D:11 Nergalle


Innate Abilities, Weirdness & Mutations

You have a beak for a mouth.
You have claws for feet.
Your magical nature lets you fly swiftly and evasively.
You are dopey. (Int -2)
You are frail. (-10% HP)


Message History

You hear an angry hiss. x3
Your lightning spire disappears in a puff of smoke!
Your hound is engulfed in noxious fumes.
Your hound appears confused.
You block your hound's attack. The cane toad stings your hound!
Your hound dies!
Your hound's corpse disappears in a puff of smoke!
The adder barely misses you.
The adder is engulfed in noxious fumes.
You block the adder's attack.
The komodo dragon is engulfed in noxious fumes.
The komodo dragon appears confused.
You block the cane toad's attack. The adder attacks as you move away!
The adder completely misses you. The adder attacks as you move away!
The adder completely misses you. The cane toad attacks as you move away!
The cane toad misses you.
The komodo dragon is engulfed in noxious fumes.
The komodo dragon appears confused.
The komodo dragon misses you.
The adder is engulfed in noxious fumes.
The adder appears confused.
The adder closely misses the adder.
The adder bites itself.
There is a staircase back to the Dungeon here.
Press: ? - help, v - describe, . - travel
Here: a cane toad (umbra)
The floor.
Okay, then.
You strike the helpless komodo dragon from behind!
You impale the komodo dragon!! Your kick misses the komodo dragon.
You peck the komodo dragon.
The komodo dragon is severely wounded.
The komodo dragon is engulfed in noxious fumes.
The komodo dragon appears confused.
You block the komodo dragon's attack.
You hit the komodo dragon but do no damage.
You claw the komodo dragon.
The komodo dragon is severely wounded.
You block the cane toad's attack.
The adder is engulfed in noxious fumes.
The adder appears confused.
Okay, then.
The cane toad attacks as you move away! The cane toad stings you!!
* * * LOW HITPOINT WARNING * * *
You are lethally poisoned!
The cane toad poisons you!
You die...

#... # #..# ..
#.###..# ...
......## #....
........##.#...
#..#§........ .
##..§@.........
#.≈~§.§F~.#....
#..~≈~SFl°.#....
#.~≈≈≈~≈S≈~.....
#.~~≈≈≈≈≈°~~.##
##.~≈≈≈≈≈~≈≈.#
#.~~≈≈≈~≈~..#
.#..~~~~..#.#
............#


You could see a komodo dragon (confused), 2 cane toads and 2 adders.

Vanquished Creatures
  Snorg (D:10)
  A cyclops (D:10)
  Maurice (D:8)
  Joseph (D:10)
  Grinder (D:3)
  A hornet (D:9)
  Prince Ribbit (D:9)
  Sigmund (D:3)
  A shadow (D:5)
  13 yaks
  Menkaure (D:4)
  3 steam dragons
  A water moccasin (D:7)
  Duvessa (D:7)
  3 orc warriors
  2 sky beasts
  4 black bears
  An ice beast (D:5)
  3 centaurs
  3 bullfrogs
  A scorpion (D:4)
  5 wights (D:6)
  Dowan (D:7)
  8 killer bees
  An electric eel (Lair:1)
  4 howler monkeys
  2 jellies (D:6)
  3 orc priests
  Crazy Yiuf (D:3)
  A gnoll bouda (D:7)
  4 hounds
  Ijyb (D:4)
  A sleepcap (D:6)
  12 orc wizards
  3 iguanas
  Natasha (thrice) (D:3)
  A mummy (D:9)
  Robin (D:4)
  7 gnolls
  11 adders
  A white imp (D:7)
  An ufetubus (D:5)
  3 worms
  5 dart slugs
  41 orcs
  6 bats
  4 endoplasms
  2 giant cockroaches
  14 goblins
  8 hobgoblins
  4 jackals
  5 quokkas
  9 ball pythons
  A frilled lizard (D:1)
  4 kobolds
  4 rats
227 creatures vanquished.

Vanquished Creatures (collateral kills)
  A cane toad (Lair:1)
  4 yaks
  Eustachio (D:4)
  2 sky beasts
  An orc warrior (D:9)
  2 ogres (D:4)
  2 scorpions
  7 wights
  3 killer bees
  A hound (D:6)
  A jelly (D:5)
  A sleepcap (D:6)
  3 orc wizards
  A gnoll (D:7)
  11 orcs
  A goblin (D:4)
42 creatures vanquished.

Grand Total: 269 creatures vanquished

Notes
Turn   | Place    | Note
-------+----------+-------------------------------------------
     0 | D:1      | Lexodia the Tengu Hedge Wizard began the quest for the Orb.
     0 | D:1      | Reached XP level 1. HP: 10/10 MP: 5/5
   224 | D:1      | Reached skill level 1 in Air Magic
   224 | D:1      | Reached XP level 2. HP: 15/15 MP: 0/7
   227 | D:1      | Learned a level 2 spell: Call Imp
   395 | D:1      | Reached skill level 1 in Poison Magic
   555 | D:1      | Reached XP level 3. HP: 12/19 MP: 8/8
   560 | D:1      | Learned a level 3 spell: Mephitic Cloud
  1129 | D:2      | Noticed a floating eye
  1288 | D:2      | Huge Dmg: 5 dmg
  1290 | D:2      | Huge Dmg: 4 dmg
  1375 | D:2      | Reached XP level 4. HP: 24/24 MP: 1/9
  1557 | D:2      | Noticed a great orb of eyes
  1559 | D:2      | Found a faded altar of an unknown god.
  1561 | D:2      | Noticed an eye of devastation
  1561 | D:2      | Noticed an eye of devastation
  2203 | D:2      | Prayed at the altar of an unknown god.
  2203 | D:2      | Became a worshipper of Elyvilon the Healer
  2203 | D:2      | Reached * piety under Elyvilon
  2341 | D:2      | Gained mutation: Your magical nature lets you fly swiftly
                  | and evasively. [Tengu growth]
  2341 | D:2      | Reached XP level 5. HP: 28/28 MP: 11/11
  2655 | D:3      | Noticed Sigmund
  2659 | D:3      | Killed Sigmund
  2660 | D:3      | Reached skill level 1 in Short Blades
  2660 | D:3      | Reached XP level 6. HP: 29/32 MP: 12/12
  2701 | D:3      | Found a runed translucent door.
  2702 | D:3      | Noticed Crazy Yiuf
  2740 | D:3      | Noticed Grinder
  2751 | D:3      | Paralysed by Grinder for 2 turns
  2754 | D:3      | Huge Dmg: 14 dmg
  2760 | D:3      | Huge Dmg: 7 dmg
  2761 | D:3      | Huge Dmg: 4 dmg
  2761 | D:3      | Gained mutation: You are frail. (-10% HP) [potion of
                  | mutation]
  2761 | D:3      | Gained mutation: You are dopey. (Int -2) [potion of
                  | mutation]
  2762 | D:3      | Huge Dmg: 6 dmg
  2765 | D:3      | Huge Dmg: 3 dmg
  2768 | D:3      | Huge Dmg: 6 dmg
  2782 | D:3      | Huge Dmg: 10 dmg
  2783 | D:3      | Killed Grinder
  2784 | D:3      | Reached skill level 2 in Short Blades
  2784 | D:3      | Reached XP level 7. HP: 17/32 MP: 12/14
  2903 | D:3      | Noticed Natasha
  2912 | D:3      | Killed Natasha
  3020 | D:3      | Noticed Natasha
  3024 | D:3      | Killed Natasha
  3029 | D:3      | Learned a level 3 spell: Call Canine Familiar
  3120 | D:3      | Reached ** piety under Elyvilon
  3150 | D:3      | Reached skill level 3 in Short Blades
  3359 | D:3      | Noticed Natasha
  3362 | D:3      | Killed Natasha
  3505 | D:3      | Killed Crazy Yiuf
  3663 | D:4      | Noticed Menkaure
  3669 | D:4      | Huge Dmg: 15 dmg
  3672 | D:4      | Huge Dmg: 9 dmg
  3673 | D:4      | Killed Menkaure
  3674 | D:4      | Reached skill level 5 in Summonings
  3895 | D:4      | Noticed Ijyb
  3908 | D:4      | Killed Ijyb
  3909 | D:4      | Reached XP level 8. HP: 26/36 MP: 15/15
  4104 | D:4      | Huge Dmg: 8 dmg
  4106 | D:4      | Huge Dmg: 3 dmg
  4108 | D:4      | Huge Dmg: 2 dmg
  4110 | D:4      | Huge Dmg: 2 dmg
  4112 | D:4      | Huge Dmg: 1 dmg
  4247 | D:4      | Noticed Eustachio
  4265 | D:4      | Huge Dmg: 5 dmg
  4267 | D:4      | Huge Dmg: 4 dmg
  4268 | D:4      | Huge Dmg: 3 dmg
  4269 | D:4      | Huge Dmg: 3 dmg
  4271 | D:4      | HP: 1/36 [ufetubus[Eustachio] (4)]
  4271 | D:4      | Killed Eustachio
  4272 | D:4      | Reached skill level 4 in Short Blades
  4272 | D:4      | Reached skill level 1 in Shields
  4272 | D:4      | Huge Dmg: 4 dmg
  4631 | D:4      | Huge Dmg: 23 dmg
  4814 | D:4      | Reached *** piety under Elyvilon
  4827 | D:4      | Noticed Robin
  4849 | D:4      | Killed Robin
  4850 | D:4      | Reached skill level 5 in Spellcasting
  5451 | D:5      | Entered Level 5 of the Dungeon
  5680 | D:5      | Found Calimeah's Jewellery Emporium.
  5682 | D:5      | Found Noiph's Antique Weapon Emporium.
  5711 | D:5      | Found Vonk's Jewellery Emporium.
  5793 | D:5      | Huge Dmg: 22 dmg
  5944 | D:5      | Found a staircase to the Ecumenical Temple.
  5950 | Temple   | Entered the Ecumenical Temple
  5957 | Temple   | Fell from the grace of Elyvilon
  5957 | Temple   | Became a worshipper of Dithmenos the Shadowed
  6045 | D:5      | Noticed a shadow
  6068 | D:5      | Found a shimmering blue altar of Sif Muna.
  6091 | D:5      | Huge Dmg: 11 dmg
  6092 | D:5      | Killed a shadow
  6093 | D:5      | Reached skill level 5 in Short Blades
  6522 | D:6      | Reached XP level 9. HP: 31/40 MP: 17/17
  6672 | D:6      | Huge Dmg: 26 dmg
  6861 | D:6      | Huge Dmg: 8 dmg
  6990 | D:6      | Huge Dmg: 11 dmg
  6994 | D:6      | Huge Dmg: 7 dmg
  7012 | D:6      | Reached skill level 6 in Short Blades
  7083 | D:6      | Found an ornate altar of the Wu Jian Council.
  7224 | D:6      | Huge Dmg: 16 dmg
  7306 | D:6      | Reached * piety under Dithmenos
  7731 | D:7      | Noticed Dowan
  7732 | D:7      | Noticed Duvessa
  7744 | D:7      | Killed Dowan
  7745 | D:7      | Reached skill level 5 in Stealth
  7746 | D:7      | Huge Dmg: 21 dmg
  7942 | D:7      | Killed Duvessa
  7943 | D:7      | Reached skill level 7 in Short Blades
  8099 | D:7      | Was forgiven by Elyvilon
  8160 | D:7      | Found a broken altar of Ashenzari.
  8385 | D:7      | Huge Dmg: 15 dmg
  8601 | D:8      | Reached XP level 10. HP: 45/45 MP: 18/18
  8662 | D:8      | Noticed Maurice
  8668 | D:8      | Huge Dmg: 10 dmg
  8676 | D:8      | Huge Dmg: 12 dmg
  8693 | D:8      | Killed Maurice
  8694 | D:8      | Reached skill level 8 in Short Blades
  8965 | D:8      | Reached skill level 5 in Conjurations
  9031 | D:8      | Reached ** piety under Dithmenos
  9048 | D:8      | Huge Dmg: 15 dmg
  9049 | D:8      | Huge Dmg: 6 dmg
  9194 | D:8      | Huge Dmg: 13 dmg
  9613 | D:5      | Learned a level 4 spell: Summon Lightning Spire
  9618 | D:5      | Learned a level 4 spell: Sticky Flame
  9624 | D:5      | Bought an amulet of reflection for 390 gold pieces
  9712 | D:9      | Reached skill level 1 in Fire Magic
  9758 | D:9      | Noticed Prince Ribbit
  9767 | D:9      | Huge Dmg: 13 dmg
  9767 | D:9      | Killed Prince Ribbit
  9846 | D:9      | Found a stormy altar of Qazlal.
  9962 | D:9      | Found a snail-covered altar of Cheibriados.
 10140 | D:9      | Found a staircase to the Lair.
 10147 | D:9      | Huge Dmg: 16 dmg
 10150 | D:9      | Huge Dmg: 14 dmg
 10285 | D:9      | Huge Dmg: 11 dmg
 10303 | D:9      | Reached skill level 9 in Short Blades
 10308 | D:9      | Reached skill level 5 in Air Magic
 10717 | D:9      | Reached *** piety under Dithmenos
 10745 | D:9      | Reached XP level 11. HP: 44/48 MP: 13/19
 10787 | D:9      | Found a staircase to the Orcish Mines.
 10933 | D:9      | Huge Dmg: 12 dmg
 11160 | D:10     | Entered Level 10 of the Dungeon
 11322 | D:10     | Noticed Snorg
 11330 | D:10     | Killed Snorg
 11449 | D:10     | Reached skill level 5 in Fire Magic
 11654 | D:10     | Noticed Joseph
 11662 | D:10     | Killed Joseph
 11778 | D:10     | Huge Dmg: 18 dmg
 11785 | D:10     | Huge Dmg: 7 dmg
 11789 | D:10     | Huge Dmg: 6 dmg
 11793 | D:10     | Reached skill level 10 in Short Blades
 12122 | D:10     | Noticed a cyclops
 12135 | D:10     | Killed a cyclops
 12135 | D:10     | Reached **** piety under Dithmenos
 12504 | D:11     | Noticed a cyclops
 12508 | D:11     | Huge Dmg: 21 dmg
 12509 | D:11     | Noticed Nergalle
 12567 | Lair:1   | Entered Level 1 of the Lair of Beasts
 12582 | Lair:1   | Huge Dmg: 19 dmg
 12588 | Lair:1   | Succumbed to a cane toad's poison

Illustrated notes

Levels and vault maps discovered:
D:1:      saegor_arrival_simple_e, layout_rooms
D:2:      minmay_chambers_of_ones, layout_basic,
          hellmonk_ecumenical_altar_watching_god, minmay_misc_feat_more_columns,
          minivault_27
D:3:      layout_basic, uniq_sigmund, uniq_grinder, uniq_natasha,
          uniq_crazy_yiuf_cottage
D:4:      layout_layer_cave, minmay_strange_pillars, uniq_robin, uniq_eustachio,
          uniq_menkaure, uniq_ijyb
D:5:      layout_loops_ring, minmay_temple_entry_drinking_statues,
          nicolae_shop_distant_corner_stores, minmay_ruined_shrine
D:6:      layout_loops_ring, mainiacjoe_overflow_chevrons,
          minmay_misc_feat_square, hex_large, minivault_26,
          minmay_misc_feat_alley
D:7:      layout_loops_cross, overflow_temple_1_default, minmay_holes,
          uniq_duvessa
D:8:      layout_loops_ring, uniq_maurice
D:9:      layout_basic, chei_slow_surprise, nicolae_qazlal_style_of_elements,
          grunt_lair_entry_orc_guard_hut, hiddenorc1_lemuel, nrook_uturn,
          hangedman_decor_growths, uniq_prince_ribbit1
D:10:     layout_long_grid, uniq_joseph, uniq_snorg
D:11:     layout_grid_maze, lightli_airlock, uniq_harold, uniq_nergalle
Temple:   nicolae_temple_no_exploring_needed
Lair:1:   lemuel_reptile_caves, layout_small_grid, infiniplex_staircase_pool,
          grunt_megastairs_5, uniq_grum

Skill      XL: |  1  2  3  4  5  6  7  8  9 10 11 |
---------------+----------------------------------+-----
Conjurations   | 2 3 4 7 9 |  9.1
Air Magic      | 1 2 3 4 5 7 |  7.0
Summonings     | 2 3 4 5 6 8 9 |  9.0
Poison Magic   | 1 2 3 |  3.0
Short Blades   | 1 2 3 5 7 9 10 | 10.0
Spellcasting   | 4 5 |  5.0
Shields        | 3 4 |  4.0
Stealth        | 3 6 |  6.5
Fire Magic     | 3 6 |  6.1
Dodging        | |  2.1
Translocations | |  0.7

Action                     |  1- 3 |  4- 6 |  7- 9 | 10-12 || total
---------------------------+-------+-------+-------+-------++-------
  Melee: Dagger            |    29 |    51 |   269 |   323 ||   672
         Kick              |     4 |     8 |    83 |   114 ||   209
         Peck              |     2 |    12 |    37 |    73 ||   124
         Punch             |       |     1 |     2 |     1 ||     4
         Unarmed           |       |       |     3 |       ||     3
   Cast: Magic Dart        |    75 |    36 |    81 |     7 ||   199
         Mephitic Cloud    |     1 |     1 |     7 |    19 ||    28
         Call Canine Famil |       |       |    22 |    19 ||    41
         Call Imp          |       |       |    10 |    11 ||    21
         Summon Lightning  |       |       |       |     5 ||     5
 Invoke: Purification      |       |       |     1 |       ||     1
         Heal Self         |       |       |     1 |       ||     1
  Evoke: Wand              |       |       |    10 |       ||    10
    Use: Potion            |       |     2 |       |     2 ||     4
         Scroll            |       |       |     7 |     4 ||    11
   Stab: Sleeping          |     1 |     3 |     5 |     3 ||    12
         Confused          |     1 |     1 |     2 |    12 ||    16
         Distracted        |       |       |     1 |       ||     1
 Armour: Robe              |     5 |    10 |    25 |    19 ||    59
         Leather armour    |       |       |       |     7 ||     7
  Dodge: Dodged            |    26 |    38 |   203 |   177 ||   444
  Block: Buckler           |       |       |       |   101 ||   101
         Reflection        |       |       |       |     2 ||     2

Table legend: (Time is in decaauts)
 A = Elapsed time spent in this place.
 B = Non-inter-level travel time spent in this place.
 C = Inter-level travel time spent in this place.
 D = Time resting spent in this place.
 E = Time spent auto-exploring this place.
 F = Levels seen in this place.
 G = Mean time per level.
                   A        B        C        D        E       F      G
               +--------+--------+--------+--------+--------+-----+--------+
         Total |  11757 |  11193 |    564 |    173 |   9105 |  13 |  904.4 |
       Dungeon |  11727 |  11175 |    552 |    173 |   9105 |  11 | 1066.1 |
        Temple |     13 |      3 |     10 |      0 |      0 |   1 |   13.0 |
          Lair |     16 |     16 |      0 |      0 |      0 |   1 |   16.0 |
               +--------+--------+--------+--------+--------+-----+--------+

Top non-repeatable levels by time:
     D:4: 1833 daAuts
     D:2: 1482 daAuts
     D:9: 1371 daAuts
     D:6: 1215 daAuts
    D:10: 1207 daAuts
     D:1: 1139 daAuts
     D:5: 1050 daAuts
     D:3: 844 daAuts
     D:8: 795 daAuts
     D:7: 766 daAuts
    D:11: 21 daAuts
  Lair:1: 16 daAuts
  Temple: 13 daAuts
